 Dungeon Crawl Stone Soup version 0.19-a0-1895-g783e625 (webtiles) character file.

231 lorenzova the Poker (level 6, -1/49 HPs)
             Began as a Merfolk Skald on Oct 18, 2016.
             Slain by an orc priest
             ... wielding a +0 trident
              (7 damage)
             ... on level 3 of the Dungeon.
             The game lasted 00:05:01 (3017 turns).

lorenzova the Poker (Merfolk Skald)                 Turns: 3017, Time: 00:05:02

Health: -1/49      AC:  4    Str: 13    XL:     6   Next: 4%
Magic:  1/9        EV: 13    Int: 12    God:
Gold:   131        SH:  0    Dex: 12    Spells: 2 memorised, 6 levels left

rFire  . . .     SeeInvis .     o - +1 scythe (slice)
rCold  . . .     Gourm    .     b - +1 leather armour
rNeg   . . .     Faith    .     (shield currently unavailable)
rPois  .         Spirit   .     (no helmet)
rElec  .         Reflect  .     (no cloak)
rCorr  .         Harm     .     (no gloves)
MR     .....                    (no boots)
Stlth  +.........               (no amulet)
                                (no ring)
                                i - -2 ring of dexterity (curse)

@: no status effects
A: change form in water, swift swim, stealthy swim
a: no special abilities


You were on level 3 of the Dungeon.
You were hungry.

You visited 1 branch of the dungeon, and saw 3 of its levels.

You collected 131 gold pieces.

Inventory:

Hand Weapons
 a - a +0 spear
 o - a +1 scythe of slicing (weapon)
Armour
 b - a +1 leather armour (worn)
Jewellery
 i - a cursed -2 ring of dexterity (left hand)
 j - an uncursed ring of flight
Scrolls
 f - a scroll of enchant armour
 l - a scroll of recharging {unknown}
 n - a scroll of enchant weapon {unknown}
 q - 2 scrolls of teleportation {unknown}
 s - a scroll of identify
Potions
 e - a potion of mutation
 h - 2 potions of brilliance {unknown}
 k - a potion of flight {unknown}
 p - a potion of might {unknown}
 r - a potion of agility {unknown}
Books
 c - a book of Battle

   Spells                             Type                      Level
   a - Infusion                       Charms                       1
   b - Shroud of Golubria             Charms/Translocation         2
   c - Song of Slaying                Charms                       2
   d - Spectral Weapon                Hexes/Charms                 3
   e - Regeneration                   Charms/Necromancy            3
Comestibles
 d - 4 bread rations
 g - 3 beef jerkies
 m - 2 fruits
 t - 2 chunks of flesh


   Skills:
 + Level 4.3 Fighting
 + Level 5.3 Polearms
 - Level 0.6 Armour
 + Level 4.5 Dodging
 - Level 2.0 Spellcasting
 - Level 3.2 Charms


You had 6 spell levels left.
You knew the following spells:

 Your Spells              Type           Power        Failure   Level  Hunger
a - Infusion              Chrm           #...         12%         1    ##.....
b - Song of Slaying       Chrm           #.......     17%         2    ###....


Dungeon Overview and Level Annotations

Branches:
Dungeon (3/15)

Altars:
Okawaru
Xom


Message History

You hear a shout!
The orc priest casts a cantrip, but nothing happens.
The orc misses you. The orc barely misses you.
An orc comes into view. It is wielding a short sword.
You slice the orc!!
You kill the orc!
You slice the orc!!
You kill the orc!
You are no longer magically infusing your attacks.
Your song has ended.
The orc priest hits you from afar with a trident.
An orc comes into view. It is wielding a hand axe.
The orc priest invokes the aid of Beogh against you.
Beogh smites you!
* * * LOW HITPOINT WARNING * * *
Items here: ))))))) [[[ †††† You barely miss the orc priest.
The orc priest hits you but does no damage. x2
You barely miss the orc priest. The orc priest hits you with a trident!
You die...

##...##
###.....#######
........†.....#
..(.....#####.#
###....######.#######
#
#....................
###########.######.#.#
.....#.####......
#.....@oo....#
###.####o#.#.# #.# #
## #.# ... #.# ### #.#
#.# #.


You could see an orc priest and 2 orcs.

Vanquished Creatures
  An ice beast (D:3)
  5 adders
  An ooze (D:2)
  5 worms
  A dart slug (D:1)
  2 leopard geckos
  7 orcs (D:3)
  3 bats
  3 giant cockroaches
  4 goblins
  7 hobgoblins
  A jackal (D:1)
  A quokka (D:2)
  4 frilled lizards
  7 kobolds
  20 rats
72 creatures vanquished.

Notes
Turn   | Place    | Note
-------+----------+-------------------------------------------
     0 | D:1      | lorenzova the Merfolk Skald began the quest for the Orb.
     0 | D:1      | Reached XP level 1. HP: 16/16 MP: 3/3
   101 | D:1      | Reached XP level 2. HP: 18/23 MP: 5/5
   114 | D:1      | Learned a level 2 spell: Song of Slaying
   522 | D:1      | Reached XP level 3. HP: 28/28 MP: 6/6
   959 | D:2      | HP: 1/29 [poisoned by an adder]
  1485 | D:2      | Found a shimmering altar of Xom.
  1639 | D:2      | Reached skill level 4 in Polearms
  1652 | D:2      | Reached XP level 4. HP: 16/35 MP: 7/7
  2605 | D:3      | Found an iron altar of Okawaru.
  2680 | D:3      | Noticed an ice beast
  2689 | D:3      | Killed an ice beast
  2689 | D:3      | Reached skill level 5 in Polearms
  2689 | D:3      | Reached XP level 5. HP: 9/42 MP: 6/8
  3007 | D:3      | Reached XP level 6. HP: 19/48 MP: 4/9
  3017 | D:3      | Slain by an orc priest

Vault maps used:
D:1:      erik_arrival_orb_chamber, hangedman_feature_mirror, hex_medium
D:2:      minmay_wonky_spiral, lemuel_crystal_altar, nrook_uturn
D:3:      overflow_temple_1_default, first_bread, uniq_grinder

Skill      XL: |  1  2  3  4 |
---------------+-------------+-----
Dodging        | 2 3 4 |  4.5
Fighting       | 3 4 |  4.3
Polearms       | 4 5 |  5.3
Armour         | |  0.6
Spellcasting   | |  2.0
Charms         | |  3.2

Action                   |  1- 3 |  4- 6 || total
-------------------------+-------+-------++-------
Melee: Spear             |   119 |       ||   119
       Scythe            |    20 |   105 ||   125
 Cast: Infusion          |     3 |     5 ||     8
       Song of Slaying   |       |     1 ||     1
  Use: Scroll            |     5 |       ||     5
  Eat: Chunk             |     3 |     2 ||     5
       Fruit             |       |     2 ||     2
Armor: Leather armour    |    23 |    45 ||    68
Dodge: Dodged            |    55 |    94 ||   149
